 Dungeon Crawl Stone Soup version 0.32-a0-975-g85d4e5bfdb (webtiles) character file.

Game seed: 13777357681280345952

3439 funkygono the Arsonist (level 10, 0/53 HPs)
             Began as a Gargoyle Fire Elementalist on Apr 19, 2024.
             Shot with an arrow by a centaur (6 damage)
             ... on level 8 of the Dungeon.
             The game lasted 00:14:03 (8234 turns).

funkygono the Arsonist (Gargoyle Fire Elementalist) Turns: 8234, Time: 00:14:04

Health: 0/53       AC: 11    Str: 13    XL:     10   Next: 5%
Magic:  5/22       EV: 17    Int: 21    God:
Gold:   388        SH:  0    Dex: 14    Spells: 17/25 levels left

rFire   . . .        t - +8 mace of Strategic Superiority {heavy, rElec rPois Str-4 Dex+4}
rCold   . . .        (no shield)
rNeg    + . .        a - +0 robe
rPois   ∞            p - +1 helmet
rElec   +            (no cloak)
rCorr   .            (no gloves)
SInv    .            (no boots)
Will    .....        (no amulet)
Stlth   ++           r - +5 ring of evasion
HPRegen 0.28/turn    D - +6 ring of strength
MPRegen 0.18/turn

%: no passive effects
@: no status effects
A: sickness immunity, AC +7, negative energy resistance 1, electricity
resistance, torment resistance 1, petrification resistance
a: no special abilities


You were on level 8 of the Dungeon.
You visited 2 branches of the dungeon, and saw 9 of its levels.

You collected 388 gold pieces.

Inventory:

Hand Weapons
 c - a +0 whip
 f - a +2 mace of draining
 q - a +0 whip of freezing
 t - the +8 mace of Strategic Superiority (weapon) {heavy, rElec rPois Str-4 Dex+4}
   (You found it on level 5 of the Dungeon)

   Str-4:     It affects your strength (-4).
   Dex+4:     It affects your dexterity (+4).
   rElec:     It insulates you from electricity.
   rPois:     It protects you from poison.
Missiles
 s - 2 throwing nets
Armour
 a - a +0 robe (worn)
 p - a +1 helmet (worn)
 C - a +0 leather armour
Jewellery
 r - a +5 ring of evasion (left hand)
 D - a +6 ring of strength (right hand)
Wands
 b - a wand of polymorph (5)
 y - a wand of mindburst (9)
 A - a wand of flame (6)
Scrolls
 i - 2 scrolls of enchant armour
 n - 3 scrolls of butterflies
 w - a scroll of revelation
 x - 2 scrolls of immolation
 B - a scroll of identify
Potions
 d - 3 potions of haste
 e - 5 potions of resistance
 h - a potion of degeneration {unknown}
 j - 3 potions of ambrosia
 k - a potion of attraction {unknown}
 l - 2 potions of berserk rage {unknown}
 m - 3 potions of heal wounds {unknown}
 o - 2 potions of lignification {unknown}
 u - 2 potions of might {unknown}
 v - a potion of enlightenment {unknown}
 z - a potion of brilliance {unknown}


   Skills:
 + Level 1.9 Fighting
 + Level 2.7 Maces & Flails
 + Level 2.9 Dodging
 - Level 2.5 Stealth
 + Level 8.0 Spellcasting
 + Level 6.5 Conjurations
 + Level 8.5 Fire Magic


You had 17 spell levels left.
You knew the following spells:

 Your Spells              Type           Power      Damage    Failure   Level
a - Foxfire               Conj/Fire      100%       2x1d9     1%          1
b - Scorch                Fire           88%        2d8       1%          2
c - Flame Wave            Conj/Fire      40%        2d11      3%          4
d - Kiss of Death         Conj/Necr      88%        2d12      1%          1

Your spell library contained the following spells:

 Spells                   Type           Power      Damage    Failure   Level
 Inner Flame              Hex/Fire       26%        N/A       4%          3
 Volatile Blastmotes      Fire/Tloc      52%        2d14      4%          3
 Necrotise                Necr           32%        1d5       8%          1
 Confusing Touch          Hex            8%         N/A       24%         3
 Vampiric Draining        Necr           8%         2d6       24%         3
 Dispel Undead            Necr           8%         3d8       61%         4
 Martyr's Knell           Necr/Summ      8%         N/A       61%         4
 Curse of Agony           Necr           8%         N/A       91%         5


Dungeon Overview and Level Annotations

Branches:
Dungeon (8/15)             Temple (1/1) D:7            Lair (0/5) D:8

Altars:
Ashenzari
Cheibriados
Dithmenos
Elyvilon
Gozag
Kikubaaqudgha
Makhleb
Nemelex Xobeh
Ru
Sif Muna
Trog
Wu Jian
Xom
Yredelemnul

Shops:
D:4 (

Annotations:
D:8 2 transporters, Alarak's ghost, novice BaIE


Innate Abilities, Weirdness & Mutations

You are immune to sickness and miasma.
Your stone body is resilient. (AC +7)
You are immune to poison.
You resist negative energy. (rN+)
You are resistant to electric shocks. (rElec)
You are resistant to unholy torment.
You are immune to petrification.


Message History

The yak attacks as it pursues you! The yak gores you but does no damage.
Items here: )) [[ †.
A wight comes into view. It is wielding a +0 scimitar.
A wight comes into view. It is wielding a +3 falchion.
The wight misses you. The wight closely misses you.
Found a staircase to the Lair.
The yak attacks as it pursues you! The yak closely misses you.
The wight attacks as it pursues you!
The wight hits you with a +3 long sword.
* * * LOW HITPOINT WARNING * * *
The centaur wields a +0 shortbow.
The centaur shoots an arrow.
The arrow hits you.
* * * LOW HITPOINT WARNING * * *
The wight hits you but does no damage. The wight attacks as it pursues you!
The wight closely misses you. The wight attacks as it pursues you!
The wight completely misses you.
Okay, then.
You feel better. The wight barely misses you.
The wight hits you with a +0 scimitar!
* * * LOW HITPOINT WARNING * * *
The yak barely misses you.
You feel better. The wight hits you with a +3 falchion.
* * * LOW HITPOINT WARNING * * *
The yak gores you!
* * * LOW HITPOINT WARNING * * *
The wight barely misses you.
You feel better. The wight barely misses you. x2
Unknown command.
The yak gores you.
* * * LOW HITPOINT WARNING * * *
The centaur attacks as it pursues you!
The centaur unwields a +0 shortbow.
The centaur completely misses you.
The centaur kicks you but does no damage.
The centaur wields a +0 shortbow.
The centaur shoots an arrow.
The arrow closely misses you.
The centaur shoots an arrow.
The arrow hits you.
* * * LOW HITPOINT WARNING * * *
The centaur shoots an arrow.
The arrow hits you.
You die...

.....#Yz....##
##.##
....###Y.....#
#..# ..###
###Y#..# #..# ..#
##z### ##... .##
##.### ##.#.. ##
##z.## #..##.
##c.## ##.####
##..## #..# ###@##
#####.#####
##.#####..........
##.##............
##..#..........#
##..##........#
##..#...>..###
##.######## ###


You could see an ice beast, a centaur and 2 wights.

Vanquished Creatures
  Pikel (D:4)
  Grinder (D:4)
  2 yaks (D:8)
  Eustachio (D:4)
  Menkaure (D:6)
  An orc warrior (D:5)
  3 ice beasts
  2 sky beasts
  2 wolves (D:8)
  A lemure (D:4)
  3 phantoms
  2 scorpions
  3 wights (D:8)
  A howler monkey (D:6)
  A bullfrog zombie (D:4)
  5 hounds
  3 jellies
  5 orc priests
  A bombardier beetle (D:4)
  Jessica (D:2)
  A scorpion zombie (D:4)
  8 orc wizards
  Natasha (thrice) (D:3)
  3 hound zombies (D:4)
  Robin (D:2)
  4 gnolls
  6 adders
  A shadow imp (D:7)
  An adder zombie (D:4)
  A ribbon worm (D:2)
  26 orcs
  5 ball pythons
  3 bats
  8 endoplasms
  2 giant cockroaches
  10 hobgoblins
  4 jackals (D:5)
  6 kobolds
  6 quokkas
  3 frilled lizards
  13 goblins
  5 rats
160 creatures vanquished.

Vanquished Creatures (collateral kills)
  A foxfire (D:4)
1 creature vanquished.

Vanquished Creatures (others)
  497 foxfires
497 creatures vanquished.

Grand Total: 658 creatures vanquished

Notes
Turn   | Place    | Note
-------+----------+-------------------------------------------
     0 | D:1      | funkygono the Gargoyle Fire Elementalist began the quest
                  | for the Orb.
     0 | D:1      | Reached XP level 1. HP: 10/10 MP: 3/3
   157 | D:1      | Reached XP level 2. HP: 15/15 MP: 3/5
   160 | D:1      | Learned a level 2 spell: Scorch
   799 | D:2      | Reached XP level 3. HP: 19/19 MP: 2/6
  1056 | D:2      | Noticed Jessica
  1060 | D:2      | Killed Jessica
  1142 | D:2      | Reached XP level 4. HP: 24/24 MP: 4/7
  1517 | D:2      | Found a faded altar of an unknown god.
  1641 | D:2      | Noticed Robin
  1693 | D:2      | Killed Robin
  2347 | D:3      | Reached XP level 5. HP: 28/28 MP: 5/9
  2959 | D:3      | Noticed Natasha
  2981 | D:3      | Killed Natasha
  3177 | D:3      | Noticed Natasha
  3189 | D:3      | Killed Natasha
  3190 | D:3      | Reached XP level 6. HP: 28/33 MP: 6/11
  3273 | D:3      | Noticed Natasha
  3277 | D:3      | Killed Natasha
  3352 | D:4      | Noticed Eustachio
  3357 | D:4      | Reached skill level 5 in Fire Magic
  3461 | D:4      | Killed Eustachio
  3462 | D:4      | Reached XP level 7. HP: 32/37 MP: 0/13
  3824 | D:4      | Noticed Grinder
  3834 | D:4      | Killed Grinder
  3835 | D:4      | Reached skill level 5 in Spellcasting
  3852 | D:4      | Reached XP level 8. HP: 20/42 MP: 2/15
  4040 | D:4      | Found Latucwot's Antique Weapon Shop.
  4382 | D:4      | Noticed Pikel
  4407 | D:4      | Killed Pikel
  4408 | D:4      | Reached skill level 1 in Fighting
  4408 | D:4      | Reached skill level 1 in Maces & Flails
  4769 | D:4      | Learned a level 4 spell: Flame Wave
  4778 | D:5      | Entered Level 5 of the Dungeon
  5018 | D:5      | Identified the +8 mace of Strategic Superiority {heavy,
                  | rElec rPois Str-4 Dex+4}
  5078 | D:5      | Reached XP level 9. HP: 25/47 MP: 4/19
  5090 | D:5      | HP: 1/47 [orc warrior/+0 halberd (4)]
  5096 | D:5      | Reached skill level 5 in Conjurations
  5366 | D:5      | Found an ornate altar of the Wu Jian Council.
  5367 | D:5      | Found a sacrificial altar of Ru.
  5525 | D:5      | Found a bloodstained altar of Trog.
  5537 | D:5      | Found a shimmering blue altar of Sif Muna.
  5644 | D:6      | Noticed Menkaure
  5650 | D:6      | Killed Menkaure
  6492 | D:6      | Learned a level 1 spell: Kiss of Death
  6553 | D:7      | Identified the orb of the Hills {mayhem, rElec rCorr Int+4}
  6688 | D:7      | Found a staircase to the Ecumenical Temple.
  6926 | Temple   | Entered the Ecumenical Temple
  7842 | D:8      | Found a shimmering altar of Xom.
  8048 | D:8      | Noticed a moth of wrath
  8051 | D:8      | Noticed Alarak's ghost (novice BaIE)
  8052 | D:8      | Noticed a two-headed ogre
  8056 | D:8      | Found a transporter.
  8059 | D:8      | Found a transporter.
  8060 | D:8      | Found a bloodstained altar of Trog.
  8201 | D:8      | Reached XP level 10. HP: 46/53 MP: 9/21
  8217 | D:8      | Found a staircase to the Lair.
  8223 | D:8      | HP: 1/53 [yak (9)]
  8234 | D:8      | Shot with an arrow by a centaur

Illustrated notes

Levels and vault maps discovered:
D:1:      wander_arrival_estate, layout_rooms
D:2:      layout_basic, basic_ecumenical_altar,
          amcnicky_mini_rare_corridor_liquid, grunt_decor_fettered, uniq_robin,
          uniq_jessica
D:3:      layout_basic, hangedman_decor_growths, uniq_natasha
D:4:      layout_rooms, serial_shops, nicolae_shop_tiny_statue_garden,
          serial_undead, serial_undead_e, serial_undead_a, serial_undead_b,
          serial_undead_a, uniq_eustachio, uniq_pikel, uniq_grinder
D:5:      layout_cave_pools, nzn_overflow_gifts_of_might_and_magic,
          mainiacjoe_overflow_divided_tiny
D:6:      layout_basic, uniq_menkaure
D:7:      layout_basic, minmay_temple_entry_crystal_x
D:8:      layout_cave_pods, brannock_xom_greatest_gift, hellmonk_lair_entry_icy,
          gammafunk_ghost_wrathful_warriors
Temple:   hellmonk_temple_beads

Skill      XL: |  1  2  3  4  5  6  7  8  9 10 |
---------------+-------------------------------+-----
Dodging        | 2 |  2.9
Fire Magic     | 4 5 6 7 8 |  8.5
Spellcasting   | 3 4 5 6 7 8 |  8.0
Conjurations   | 2 3 4 6 |  6.5
Fighting       | 1 |  1.9
Maces & Flails | 1 2 |  2.7
Stealth        | |  2.5

Action                     |  1- 3 |  4- 6 |  7- 9 | 10-12 || total
---------------------------+-------+-------+-------+-------++-------
  Melee: Club              |     1 |    18 |       |       ||    19
         Mace              |       |     5 |    39 |     1 ||    45
         Whip              |       |       |     2 |       ||     2
   Cast: Foxfire           |    37 |    85 |   169 |       ||   291
         Scorch            |     2 |    29 |    44 |     1 ||    76
         Flame Wave        |       |       |     2 |     1 ||     3
    Use: Scroll            |       |     9 |     6 |       ||    15
         Potion            |       |       |     3 |     3 ||     6
 Armour: Robe              |     5 |    46 |    66 |    14 ||   131
  Dodge: Dodged            |     8 |    32 |   103 |    14 ||   157

Table legend: (Time is in decaauts)
 A = Elapsed time spent in this place.
 B = Non-inter-level travel time spent in this place.
 C = Inter-level travel time spent in this place.
 D = Time resting spent in this place.
 E = Time spent auto-exploring this place.
 F = Levels seen in this place.
 G = Mean time per level.
                   A        B        C        D        E       F      G
               +--------+--------+--------+--------+--------+-----+--------+
         Total |   8276 |   8028 |    248 |    202 |   6589 |   9 |  919.6 |
       Dungeon |   8252 |   8017 |    235 |    202 |   6589 |   8 | 1031.5 |
        Temple |     23 |     11 |     12 |      0 |      0 |   1 |   23.0 |
               +--------+--------+--------+--------+--------+-----+--------+

Top non-repeatable levels by time:
     D:2: 1521 daAuts
     D:3: 1408 daAuts
     D:4: 1255 daAuts
     D:7: 1060 daAuts
     D:6: 937 daAuts
     D:1: 725 daAuts
     D:5: 700 daAuts
     D:8: 642 daAuts
  Temple: 23 daAuts
